 Dungeon Crawl Stone Soup version 0.32-a0-975-g85d4e5bfdb (webtiles) character file.

Game seed: 14471919340974873657

1879 ezpacito the Trooper (level 9, 0/68 HPs)
             Began as a Coglin Chaos Knight on Apr 19, 2024.
             Was a Plaything of Xom.
             Slain by a two-headed ogre
             ... wielding a +0 great mace
              (14 damage)
             ... on level 7 of the Dungeon.
             The game lasted 00:07:41 (6496 turns).

ezpacito the Trooper (Coglin Chaos Knight)          Turns: 6496, Time: 00:07:41

Health: 0/68       AC: 12    Str: 20    XL:     9   Next: 14%
Magic:  13/13      EV:  9    Int:  9    God:    Xom [.....*]
Gold:   438        SH:  0    Dex: 17    Spells: 6/12 levels left

rFire   . . .        a - +0 hand axe (chaos) {Takurtum}
rCold   + . .        s - +0 spear (vamp) {Bianca}
rNeg    . . .        x - +1 chain mail {rC+}
rPois   .            (helmet restricted)
rElec   .            j - +0 cloak
rCorr   .            (no gloves)
SInv    .            k - +0 pair of boots
Will    .....        (amulet unavailable) Stlth
                     (ring unavailable)
HPRegen 0.31/turn    (ring unavailable)
MPRegen 0.13/turn    (no gizmo)

%: no passive effects
@: no status effects
A: off-hand wielding, slow wielding, warmup strikes, no jewellery, antennae 1,
fangs 1, agile 1, high MP 1, strong 1
a: Invent Gizmo, Renounce Religion


You were on level 7 of the Dungeon.
You worshipped Xom.
You were Xom's teddy bear.
You visited 2 branches of the dungeon, and saw 8 of its levels.

You collected 438 gold pieces.

Inventory:

Hand Weapons
 a - a +0 hand axe of chaos (weapon) {Takurtum}
 d - a +0 longbow
 s - a +0 vampiric spear (offhand) {Bianca}
 A - a +1 hand axe of electrocution
Missiles
 p - 9 poisoned darts (quivered)
 y - 5 javelins
Armour
 c - a +0 helmet
 j - a +0 cloak (worn)
 k - a +0 pair of boots (worn)
 x - a +1 chain mail of cold resistance (worn)
Talismans
 m - a beast talisman
Wands
 g - a wand of polymorph (19)
Scrolls
 b - a scroll of immolation {unknown}
 e - 2 scrolls of noise
 f - 2 scrolls of poison
 h - 3 scrolls of amnesia
 t - a scroll of brand weapon
 u - a scroll of enchant weapon {unknown}
 v - a scroll of revelation
 w - a scroll of teleportation {unknown}
 C - a scroll of enchant armour {unknown}
Potions
 i - a potion of lignification {unknown}
 l - 4 potions of haste {unknown}
 o - a potion of magic {unknown}
 q - a potion of mutation
 r - a potion of curing {unknown}
 z - a potion of might {unknown}
 B - 2 potions of brilliance {unknown}


   Skills:
 * Level 5.1 Fighting
 * Level 5.1(5.7) Axes
 * Level 3.5(4.6) Polearms
 + Level 1.2 Ranged Weapons
 + Level 0.8 Throwing
 * Level 4.0 Armour
 * Level 3.7 Dodging
 + Level 2.3 Stealth
 + Level 1.2 Unarmed Combat
 + Level 2.2 Spellcasting
 + Level 2.0 Translocations
 + Level 2.1 Alchemy
 + Level 2.6 Evocations
 + Level 1.4 Shapeshifting


You had 6 spell levels left.
You knew the following spells:

 Your Spells              Type           Power      Damage    Failure   Level
a - Alistair's Intoxicat  Alch           2%         N/A       100%        5
g - Apportation           Tloc           8%         N/A       71%         1

Your spell library contained the following spells:

 Spells                   Type           Power      Damage    Failure   Level
 Maxwell's Portable Pile  Tloc           4%         2d(5-14)  97%         3
 Jinxbite                 Hex            2%         N/A       98%         2
 Magnavolt                Erth/Air       0%         3d9       100%        7
 Malign Gateway           Summ/Tloc      1%         N/A       100%        7
 Maxwell's Capacitive Co  Air            0%         ∞         100%        8
 Summon Horrible Things   Summ           0%         N/A       100%        8


Dungeon Overview and Level Annotations

Branches:
Dungeon (7/15)             Temple (1/1) D:4

Altars:
Ashenzari
Cheibriados
Dithmenos
Elyvilon
Fedhas
Gozag
Hepliaklqana
Kikubaaqudgha
Makhleb
Nemelex Xobeh
Okawaru
Qazlal
Ru
Trog
Uskayaw
Vehumet
Wu Jian
Xom
Yredelemnul
Zin
The Shining One

Shops:
D:7 :!


Innate Abilities, Weirdness & Mutations

You can wield a second weapon in your off-hand.
It takes a long time for you to wield or remove held weapons.
Your first few attacks do less damage.
You cannot equip rings or amulets.
You have a pair of small antennae on your head.
You have very sharp teeth.
You are agile. (Dex +4, Str/Int -1)
You have an increased reservoir of magic. (+10% MP)
Your muscles are strong. (Str +4, Int/Dex -1)


Message History

Throw: 11 darts (poison)
Press: ? - help, Q - select action, (/) - cycle Shift-Dir - straight line, f/p - two-headed ogre
Aim: a two-headed ogre, wielding a +0 great mace and a +0 giant spiked club (74% to hit)
You throw a poisoned dart.
The poisoned dart hits the two-headed ogre.
The two-headed ogre is poisoned.
Throw: 10 darts (poison)
Press: ? - help, Q - select action, (/) - cycle Shift-Dir - straight line, f/p - two-headed ogre
Aim: a two-headed ogre, wielding a +0 great mace and a +0 giant spiked club (lightly wounded, poisoned, 74% to hit)
You throw a poisoned dart.
The poisoned dart hits the two-headed ogre.
The two-headed ogre looks even sicker.
The two-headed ogre is lightly wounded.
You hit the two-headed ogre with your +0 hand axe of chaos.
The two-headed ogre looks as sick as possible!
The two-headed ogre is lightly wounded.
You hit the two-headed ogre with your +0 spear.
The two-headed ogre hits you with a +0 great mace!!
The two-headed ogre hits you with a +0 giant spiked club!!
You take 41 damage, and have 27/68 hp.
MASSIVE DAMAGE!!
Okay, then.
Okay, then.
Okay, then.
As you read the scroll labelled KEXOGG VEJE, it crumbles to dust.
It is a scroll of brand weapon.
Your +0 spear {Bianca} thirsts for the lives of mortals!
s - a +0 vampiric spear (offhand) {Bianca} The two-headed ogre barely misses you.
The two-headed ogre hits you with a +0 giant spiked club.
You take 1 damage, and have 26/68 hp.
As you read the scroll labelled VUOFFO YWKILIA, it crumbles to dust.
You feel aware of your surroundings.
It was a scroll of revelation.
A killer bee comes into view.
As you read the scroll labelled HEVIEC BIBRAO, it crumbles to dust.
Your body is wracked with pain!
* * * LOW HITPOINT WARNING * * *
The two-headed ogre convulses!
It was a scroll of torment.
The two-headed ogre hits you with a +0 great mace!
You die...
Xom giggles madly!

*** **,,,,,** *,,,,,,,,* ,,**
##.....(.######,,,,,,,,* *,,**
##........#####,,,,,,,** **,,***
*#.........####.,,,,,,,* ***,,*
*.......∩...####*,,,,,,*
*****###.....(...####********
#^.,,.......(...####
#.#*###.....O..#####* #.#
#.......@.#####.******* #.#
#.........####..,,,,,,* ### #.#
#........#####..,,,,,,* ..###.#
#......>#####...,,,,,,* ...##.#
#......######...,,,,,,** ......#
#.....########.y,,,,,,,* .....##
###...########..,,,,,,,*
.....####......########.,,,,,,,*
.....##....###.....,****,,,,,,**


You could see a two-headed ogre (extremely poisoned).

Vanquished Creatures
  Sigmund (D:2)
  A water moccasin (D:6)
  An ice beast (D:6)
  A phantom (D:5)
  The ghost of gaymer the Trooper, an amateur GrMo (D:4)
  A kobold brigand (D:6)
  A scorpion (D:5)
  A bullfrog (D:6)
  4 killer bees (D:6)
  3 howler monkeys
  2 quasits (D:4)
  Crazy Yiuf (D:2)
  A crimson imp (D:4)
  3 jellies (D:5)
  A bombardier beetle (D:5)
  5 hounds
  An orc priest (D:5)
  A sleepcap (D:3)
  2 iguanas
  8 orc wizards
  Ijyb (D:3)
  Robin (D:2)
  7 adders
  2 white imps (D:6)
  4 ufetubi
  3 dart slugs
  14 orcs
  4 bats
  6 endoplasms
  A giant cockroach (D:4)
  9 goblins
  5 hobgoblins
  9 kobolds
  5 quokkas
  3 ball pythons
  2 frilled lizards
  2 rats (D:1)
118 creatures vanquished.

Notes
Turn   | Place    | Note
-------+----------+-------------------------------------------
     0 | D:1      | ezpacito the Coglin Chaos Knight began the quest for the
                  | Orb.
     0 | D:1      | Reached XP level 1. HP: 18/18 MP: 1/1
    46 | D:1      | Reached skill level 1 in Dodging
   214 | D:1      | XOM: silly message
   235 | D:1      | Found a faded altar of an unknown god.
   239 | D:1      | Reached XP level 2. HP: 24/24 MP: 2/2
   309 | D:1      | XOM: silly message
   765 | D:1      | XOM: cloud trail
   770 | D:2      | Found a broken altar of Ashenzari.
   796 | D:2      | Reached skill level 1 in Polearms
   796 | D:2      | Reached XP level 3. HP: 27/29 MP: 3/3
   841 | D:2      | XOM: 2-stop teleportation journey
   915 | D:2      | Noticed Sigmund
   915 | D:2      | Noticed Robin
   926 | D:2      | Killed Sigmund
   927 | D:2      | Reached skill level 1 in Stealth
   927 | D:2      | Reached skill level 1 in Spellcasting
   927 | D:2      | Reached XP level 4. HP: 24/37 MP: 3/5
   927 | D:2      | Reached XP level 5. HP: 28/42 MP: 3/6
   948 | D:2      | Killed Robin
  1087 | D:2      | Reached XP level 6. HP: 48/48 MP: 7/7
  1089 | D:2      | Learned a level 1 spell: Apportation
  1095 | D:2      | Learned a level 5 spell: Alistair's Intoxication
  1194 | D:2      | Found a runed translucent door.
  1195 | D:2      | Noticed Crazy Yiuf
  1499 | D:2      | XOM: silly message
  1658 | D:2      | Killed Crazy Yiuf
  1798 | D:3      | Found a burning altar of Makhleb.
  1871 | D:3      | XOM: 2-stop teleportation journey
  1887 | D:3      | XOM: potion effect (heal wounds)
  2015 | D:3      | Noticed Ijyb
  2018 | D:3      | XOM: enchant monster (bad)
  2036 | D:3      | Killed Ijyb
  2037 | D:3      | Reached skill level 1 in Evocations
  2071 | D:3      | Found an ancient bone altar of Kikubaaqudgha.
  2340 | D:3      | Found a blossoming altar of Fedhas.
  2501 | D:3      | XOM: divination: magic mapping
  2623 | D:4      | Reached XP level 7. HP: 54/54 MP: 8/8
  2651 | D:4      | Found a staircase to the Ecumenical Temple.
  2738 | D:4      | XOM: cloud trail
  2765 | Temple   | Entered the Ecumenical Temple
  2818 | D:4      | Found a hide-covered altar of Uskayaw.
  2843 | D:4      | XOM: noise
  2899 | D:4      | Noticed gaymer's ghost (amateur GrMo)
  2911 | D:4      | Found a transporter.
  3021 | D:4      | Found a transporter.
  3213 | D:4      | XOM: god gift: longbow {god gift}
  3402 | D:4      | XOM: give mutations
  3402 | D:4      | Gained mutation: You sometimes lose your temper in combat.
                  | [Xom's mischief]
  3402 | D:4      | Lost mutation: You sometimes lose your temper in combat.
                  | [Xom's mischief]
  3404 | D:4      | XOM: god gift: Maxwell's Memoranda
  3496 | D:4      | Found a basalt altar of Yredelemnul.
  3533 | D:4      | Found a hazy altar of Hepliaklqana.
  3591 | D:4      | Gained mutation: You sometimes lose your temper in combat.
                  | [potion of mutation]
  3591 | D:4      | Gained mutation: You have an increased reservoir of magic.
                  | (+10% MP) [potion of mutation]
  3601 | D:4      | Reached skill level 1 in Alchemy
  3601 | D:4      | Killed gaymer's ghost
  3661 | D:5      | Entered Level 5 of the Dungeon
  3792 | D:5      | Reached skill level 1 in Translocations
  3798 | D:5      | Found a broken altar of Ashenzari.
  3804 | D:5      | Found an ornate altar of the Wu Jian Council.
  3951 | D:5      | XOM: blink monster(s)
  4179 | D:5      | Reached XP level 8. HP: 61/61 MP: 11/11
  4324 | D:5      | XOM: confuse monster(s)
  4418 | D:5      | XOM: give mutations
  4418 | D:5      | Gained mutation: You have a pair of small antennae on your
                  | head. [Xom's grace]
  4418 | D:5      | Gained mutation: You have very sharp teeth. [Xom's grace]
  4418 | D:5      | Lost mutation: You sometimes lose your temper in combat.
                  | [Xom's grace]
  4418 | D:5      | Gained mutation: You are agile. (Dex +4, Str/Int -1) [Xom's
                  | grace]
  4527 | D:5      | XOM: god gift: scroll labelled SASORU KUWEULLUSCH {god
                  | gift}
  4588 | D:5      | XOM: give mutation
  4588 | D:5      | Gained mutation: Your muscles are strong. (Str +4, Int/Dex
                  | -1) [Xom's grace]
  4900 | D:6      | XOM: god gift: bubbling coppery potion {god gift}
  5002 | D:6      | XOM: cast spell 'Olgreb's Toxic Radiance'
  5010 | D:6      | Reached skill level 1 in Shapeshifting
  5356 | D:6      | XOM: enchant monster (good)
  5595 | D:6      | XOM: silly message
  5651 | D:6      | XOM: summons friendly ufetubus
  5655 | D:6      | Reached skill level 1 in Unarmed Combat
  5762 | D:6      | XOM: cloud trail
  5797 | D:6      | Reached skill level 5 in Fighting
  6012 | D:7      | Reached skill level 1 in Ranged Weapons
  6012 | D:7      | Found Libus's Book Shoppe.
  6020 | D:7      | XOM: potion effect (haste)
  6037 | D:6      | Reached skill level 5 in Axes
  6037 | D:6      | Reached XP level 9. HP: 27/68 MP: 13/13
  6171 | D:6      | XOM: scenery: create altars
  6486 | D:7      | Found Ireataf's Distillery.
  6488 | D:7      | Noticed a two-headed ogre
  6496 | D:7      | Slain by a two-headed ogre

Illustrated notes

Levels and vault maps discovered:
D:1:      lemuel_arrival_broad_hall, layout_loops_cross, basic_ecumenical_altar,
          minivault_23, nrook_mini_vaults, wad_woods_river_04
D:2:      layout_loops_ring, basic_altar, uniq_robin, uniq_crazy_yiuf_cottage,
          uniq_sigmund
D:3:      layout_basic, lemuel_doored_altar, lemuel_coloured_pillars_altar,
          lemuel_crystal_altar, minmay_strange_pillars, uniq_ijyb
D:4:      layout_loops_corners, mainiacjoe_overflow_surrounded_room,
          mainiacjoe_overflow_two_lobes, minmay_temple_entry_stoned_glass,
          gammafunk_ghost_stat_death, hangedman_abyss_or_decor_passed
D:5:      layout_basic, jmf_multi_god_temple
D:6:      layout_loops_corners
D:7:      layout_cave_pods, serial_shops, shop, nicolae_shop_tiny_statue_garden,
          corner_web_ring, uniq_jeremiah
Temple:   nicolae_temple_hex_pool

Skill      XL: |  1  2  3  4  5  6  7  8  9 |
---------------+----------------------------+-----
Dodging        | 1 2 3 |  3.7
Polearms       | 1 2 3 |  3.5
Armour         | 2 3 4 |  4.0
Stealth        | 1 2 |  2.3
Spellcasting   | 1 2 |  2.2
Axes           | 4 5 |  5.1
Fighting       | 4 5 |  5.1
Evocations     | 1 2 |  2.6
Alchemy        | 1 2 |  2.1
Translocations | 1 2 |  2.0
Shapeshifting  | 1 |  1.4
Unarmed Combat | 1 |  1.2
Ranged Weapons | 1 |  1.2
Throwing       | |  0.8

Action                     |  1- 3 |  4- 6 |  7- 9 || total
---------------------------+-------+-------+-------++-------
  Melee: Hand axe          |    56 |    70 |   189 ||   315
         Dagger            |    49 |    63 |       ||   112
         Unarmed           |       |    14 |       ||    14
         Spear             |       |       |   202 ||   202
         Bite              |       |       |     8 ||     8
  Throw: Dart              |       |       |     3 ||     3
    Use: Scroll            |     1 |       |     6 ||     7
         Potion            |       |     3 |     1 ||     4
   Stab: Sleeping          |     2 |     4 |     1 ||     7
         Confused          |       |     2 |     3 ||     5
         Petrifying        |       |       |     2 ||     2
 Armour: Leather armour    |    29 |    59 |    55 ||   143
         Skin              |     3 |     2 |       ||     5
         Chain mail        |       |       |   137 ||   137
  Dodge: Dodged            |    30 |    37 |   120 ||   187

Table legend: (Time is in decaauts)
 A = Elapsed time spent in this place.
 B = Non-inter-level travel time spent in this place.
 C = Inter-level travel time spent in this place.
 D = Time resting spent in this place.
 E = Time spent auto-exploring this place.
 F = Levels seen in this place.
 G = Mean time per level.
                   A        B        C        D        E       F      G
               +--------+--------+--------+--------+--------+-----+--------+
         Total |   6513 |   6139 |    374 |    239 |   4951 |   8 |  814.1 |
       Dungeon |   6512 |   6139 |    373 |    239 |   4951 |   7 |  930.3 |
        Temple |      1 |      1 |      0 |      0 |      0 |   1 |    1.0 |
               +--------+--------+--------+--------+--------+-----+--------+

Top non-repeatable levels by time:
     D:6: 1440 daAuts
     D:5: 1231 daAuts
     D:4: 1084 daAuts
     D:2: 1020 daAuts
     D:1: 791 daAuts
     D:3: 786 daAuts
     D:7: 157 daAuts
  Temple: 1 daAuts
